 Dungeon Crawl Stone Soup version 0.30-a0-778-g2ef04afb54 (webtiles) character file.

Game seed: 1192962446414030402

9 funkygono the Firebug (level 2, 0/15 HPs)
             Began as a Gargoyle Fire Elementalist on Feb 16, 2023.
             Slain by a gnoll
             ... wielding a +0 whip
              (7 damage)
             ... on level 1 of the Dungeon.
             The game lasted 00:00:59 (425 turns).

funkygono the Firebug (Gargoyle Fire Elementalist)   Turns: 425, Time: 00:01:00

Health: 0/15       AC:  4    Str: 11    XL:     2   Next: 16%
Magic:  0/5        EV: 11    Int: 15    God:
Gold:   32         SH:  5    Dex: 10    Spells: 4/5 levels left

rFire   . . .      SeeInvis .    d - +0 club
rCold   . . .      Faith    .    (no shield)
rNeg    + . .      Spirit   .    a - +0 robe
rPois   ∞          Reflect  +    (no helmet)
rElec   +          Harm     .    (no cloak)
rCorr   .          Rampage  .    (no gloves)
Will    .....                    (no boots)
Stlth   ++                       j - amulet of reflection
HPRegen 0.22/turn                (no ring)
MPRegen 0.09/turn                (no ring)

@: no status effects
A: sickness immunity, AC +2, negative energy resistance 1, electricity
resistance, torment resistance 1, petrification resistance
a: no special abilities


You were on level 1 of the Dungeon.
You visited 1 branch of the dungeon, and saw 1 of its levels.

You collected 32 gold pieces.

Inventory:

Hand Weapons
 d - a +0 club (weapon)
Armour
 a - a +0 robe (worn)
Magical Staves
 h - a staff of air
Jewellery
 j - an amulet of reflection (around neck)
Scrolls
 e - a scroll of amnesia {unknown}
 g - a scroll of vulnerability {unknown}
 i - a scroll of teleportation {unknown}
Potions
 b - a potion of magic
 c - a potion of might {unknown}
 f - a potion of heal wounds {unknown}


   Skills:
 + Level 1.5 Dodging
 - Level 2.1 Stealth
 + Level 2.2 Spellcasting
 + Level 1.1 Conjurations
 + Level 3.3 Fire Magic


You had 4 spell levels left.
You knew the following spells:

 Your Spells              Type           Power      Damage    Failure   Level
a - Foxfire               Conj/Fire      32%        2x1d5     9%          1

Your spell library contained the following spells:

 Spells                   Type           Power      Damage    Failure   Level
 Scorch                   Fire           22%        2d6       9%          2
 Inner Flame              Hex/Fire       6%         N/A       32%         3
 Kindle Blastsparks       Fire/Tloc/Air  10%        2d10      38%         3
 Flame Wave               Conj/Fire      8%         2d5       65%         4


Dungeon Overview and Level Annotations

Branches:
Dungeon (1/15)

Altars:


Innate Abilities, Weirdness & Mutations

You are immune to sickness and miasma.
Your stone body is resilient. (AC +2)
You are immune to poison.
You resist negative energy. (rN+)
You are resistant to electric shocks. (rElec)
You are resistant to unholy torment.
You are immune to petrification.


Message History

The bat attacks as you move away! The bat misses you.
The bat hits you but does no damage. The bat barely misses you.
The bat attacks as you move away! The bat hits you but does no damage.
The bat closely misses you. The bat hits you but does no damage.
Your magical contamination has completely faded away.
The bat attacks as you move away! The bat hits you but does no damage.
You block the bat's attack. The bat hits you but does no damage.
Casting: Foxfire (safe; 9% risk of failure)
Confirm with . or Enter, or press ? or * to list all spells.
You conjure some foxfire!
The foxfire hits the bat.
You kill the bat!
The bat closely misses you.
Unknown command.
The foxfire hits the bat.
You kill the bat!
The frilled lizard closely misses you.
The frilled lizard attacks as you move away!
The frilled lizard barely misses you. The gnoll attacks as you move away!
The gnoll barely misses you. The gnoll attacks as you move away!
The gnoll hits you with a +0 whip. The gnoll attacks as you move away!
The gnoll hits you with a +0 whip.
Casting: Foxfire (safe; 9% risk of failure)
Confirm with . or Enter, or press ? or * to list all spells.
You conjure some foxfire!
The gnoll barely misses you.
The foxfire hits the gnoll.
The gnoll is heavily wounded.
The foxfire hits the gnoll.
The gnoll is almost dead.
You block the gnoll's attack. The gnoll attacks as you move away!
You block the gnoll's attack. You block the frilled lizard's attack.
The frilled lizard attacks as you move away!
The frilled lizard barely misses you. The gnoll attacks as you move away!
The gnoll barely misses you. The frilled lizard bites you.
The frilled lizard attacks as you move away!
The frilled lizard barely misses you. The gnoll attacks as you move away!
The gnoll hits you with a +0 whip!
You die...

...#...........# #.... #.......
......###.#....# ##... +.......
.....## #.#...####...## #....###
......# #.#..####..#..#+#####.# #
......# #.#..# #........# #.# #
......###.#.# ##...#.#.+ #.###
.....#......####......#.# #....
#...........#.#.gl#.#...# #.###
#####.......##.#@....##+#####.###
............##...........#.......
............'.........)..+.......
............##..†#.......#.......
.....##.###.##...##.(.#+#####...#
.....##.###.####....#...#...#..##
.....##...#.# #......#..#...#....
.....####l#.###.#...#...'.<.#....
.....# #g#..###...#.##.#...#....


You could see a gnoll and a frilled lizard.

Vanquished Creatures
  2 bats (D:1)
  A giant cockroach (D:1)
  A goblin (D:1)
  A hobgoblin (D:1)
  2 ball pythons (D:1)
  A rat (D:1)
8 creatures vanquished.

Vanquished Creatures (others)
  28 foxfires (D:1)
28 creatures vanquished.

Grand Total: 36 creatures vanquished

Notes
Turn   | Place    | Note
-------+----------+-------------------------------------------
     0 | D:1      | funkygono the Gargoyle Fire Elementalist began the quest
                  | for the Orb.
     0 | D:1      | Reached XP level 1. HP: 10/10 MP: 3/3
   387 | D:1      | Reached XP level 2. HP: 15/15 MP: 0/5
   425 | D:1      | Slain by a gnoll

Illustrated notes

Levels and vault maps discovered:
D:1:      arrival_zaba_pyramid, layout_rooms, shapermc_ecumenical_altar_pompeii,
          minmay_unequal

Action                     || total
---------------------------++-------
  Melee: Club              ||     7
   Cast: Foxfire           ||    18
 Armour: Robe              ||    14
  Dodge: Dodged            ||    26
  Block: Other             ||     8

Table legend: (Time is in decaauts)
 A = Elapsed time spent in this place.
 B = Non-inter-level travel time spent in this place.
 C = Inter-level travel time spent in this place.
 D = Time resting spent in this place.
 E = Time spent auto-exploring this place.
 F = Levels seen in this place.
 G = Mean time per level.
                   A        B        C        D        E       F      G
               +--------+--------+--------+--------+--------+-----+--------+
         Total |    426 |    426 |      0 |      0 |    316 |   1 |  426.0 |
       Dungeon |    426 |    426 |      0 |      0 |    316 |   1 |  426.0 |
               +--------+--------+--------+--------+--------+-----+--------+

Top non-repeatable levels by time:
     D:1: 426 daAuts
